 Dungeon Crawl Stone Soup version 0.29-a0-887-gcbe080d7e0 (webtiles) character file.

Game seed: 4615457863915533827

36 flotson the Sneak (level 3, 0/29 HPs)
             Began as a Demonspawn Delver on July 22, 2022.
             Slain by an adder (1 damage)
             ... in a sewer.
             The game lasted 00:02:17 (600 turns).

flotson the Sneak (Demonspawn Delver)                Turns: 600, Time: 00:02:19

Health: 0/29       AC:  3    Str: 14    XL:     3   Next: 19%
Magic:  3/3        EV: 12    Int: 13    God:
Gold:   0          SH:  0    Dex: 14    Spells: 2/2 levels left

rFire   . . .      SeeInvis .   a - +0 spear
rCold   . . .      Faith    .   (no shield)
rNeg    . . .      Spirit   .   b - +0 leather armour
rPois   .          Reflect  .   (no helmet)
rElec   .          Harm     .   (no cloak)
rCorr   .          Rampage  .   (no gloves)
Will    .....                   (no boots)
Stlth   ++........              (no amulet)
HPRegen 0.09/turn               (no ring)
MPRegen 0.08/turn               (no ring)

@: lethally poisoned (0 -> -2)
A: big brain 1, weakness stinger 1
a: no special abilities


You were in a sewer.
You visited 1 branch of the dungeon, and saw 1 of its levels.
You also visited: Sewer.

Inventory:

Hand Weapons
 a - a +0 spear (weapon)
Armour
 b - a +0 leather armour (worn)
Wands
 g - a wand of digging (2)


   Skills:
 + Level 3.3 Fighting
 + Level 1.1(1.6) Axes
 - Level 1.7(2.0) Polearms
 + Level 1.0 Armour
 + Level 2.2 Dodging
 - Level 4.5 Stealth


You had 2 spell levels left.
You didn't know any spells.
Your spell library was empty.

Dungeon Overview and Level Annotations

Branches:
Dungeon (5/15)              Sewer (1/1)
 Temple: D:4-7

Altars:


Innate Abilities, Weirdness & Mutations

You have an unusually large brain. (Int +2)
You have a small tail.


Message History

You are no longer poisoned.
The adder closely misses you. The adder barely misses you.
You hit the adder. Your punch misses the adder.
The adder is heavily wounded.
The adder bites you but does no damage. The adder barely misses you.
The adder closely misses you. The adder bites you but does no damage.
You completely miss the adder.
You tail-slap the adder, but do no damage.
The adder is heavily wounded.
The adder bites you.
You are poisoned.
The adder poisons you! The adder bites you but does no damage.
You hit the adder.
The adder is severely wounded.
You feel sick. The adder misses you. x2
You completely miss the adder.
Your tail-slap misses the adder.
The adder is severely wounded.
You feel sick. The adder closely misses you. The adder barely misses you.
The adder bites you.
You hit the adder but do no damage.
Your tail-slap misses the adder.
The adder is severely wounded.
You feel sick. The adder closely misses you.
The adder bites you but does no damage. The adder bites you.
* * * LOW HITPOINT WARNING * * *
You are more poisoned.
The adder poisons you!
You closely miss the adder.
The adder is severely wounded.
* * * LOW HITPOINT WARNING * * *
You feel sick. The adder misses you. The adder bites you but does no damage.
You closely miss the adder.
The adder is severely wounded.
You feel sick. The adder barely misses you. The adder closely misses you.
Unknown command.
As you read the scroll of fog, it crumbles to dust.
The scroll dissolves into smoke.
You feel sick. The adder misses you. The adder bites you.
* * * LOW HITPOINT WARNING * * *
The adder bites you.
You die...

####### ########.....#
########.≈.†≈≈≈.≈≈≈.###
#.∩÷∩..≈≈≈.≈≈≈≈≈≈≈≈≈≈≈≈
########.≈≈≈≈≈≈≈≈≈≈.###
########≈≈≈≈≈#
########################≈≈≈≈≈#
.............†§§@§§÷.÷≈≈≈≈≈≈≈#
≈≈≈≈≈≈≈≈≈≈≈≈≈≈§SS§§≈≈≈≈≈≈≈≈≈≈#
≈≈≈≈≈≈≈≈≈≈≈≈≈≈§§§§§≈≈≈≈≈≈≈≈≈.#
≈≈≈≈≈≈≈≈≈≈≈≈≈≈≈≈≈≈≈≈≈≈≈≈≈≈≈≈.#
≈..≈≈≈≈≈≈≈≈≈≈..........≈≈≈≈≈≈#
.≈≈≈≈≈≈≈≈≈≈≈≈≈≈≈≈#######≈≈≈B≈#
.≈≈≈≈≈≈≈≈≈≈≈≈≈≈≈≈≈≈ #≈≈≈≈.#
≈≈≈≈≈≈≈≈≈≈≈≈≈≈≈≈≈≈≈ .≈≈≈.#
≈≈≈≈≈


You could see 2 adders.

Vanquished Creatures
  An adder (Sewer)
  4 ball pythons (Sewer)
  8 giant cockroaches
  5 quokkas
  6 frilled lizards (Sewer)
24 creatures vanquished.

Notes
Turn   | Place    | Note
-------+----------+-------------------------------------------
     0 | D:5      | flotson the Demonspawn Delver began the quest for the Orb.
     0 | D:5      | Reached XP level 1. HP: 18/18 MP: 1/1
    14 | D:5      | Found a glowing drain.
    45 | D:5      | Gained mutation: You have a small tail. [demonic ancestry]
    45 | D:5      | Reached XP level 2. HP: 11/24 MP: 2/2
    56 | Sewer    | Entered a sewer
   490 | Sewer    | Reached skill level 1 in Axes
   525 | Sewer    | Noticed a bullfrog
   572 | Sewer    | Reached skill level 1 in Armour
   572 | Sewer    | Gained mutation: You have an unusually large brain. (Int
                  | +2) [demonic ancestry]
   572 | Sewer    | Reached XP level 3. HP: 27/29 MP: 3/3
   600 | Sewer    | HP: 1/29 [adder (3)]
   600 | Sewer    | Slain by an adder

Illustrated notes

Levels and vault maps discovered:
D:5:      minmay_goblin_kobold_castle, layout_basic,
          lemuel_coloured_pillars_altar, gup_sewer_entry_pipe, serial_curves,
          eino_curves_02, eino_curves_01, grunt_ministairs_1
Sewer:    sewer_frog_island_01

Skill      XL: |  1  2 |
---------------+-------+-----
Dodging        | 2 |  2.2
Axes           | 1 |  1.1
Armour         | 1 |  1.0
Fighting       | |  3.3
Polearms       | |  1.7
Stealth        | |  4.5

Action                   || total
-------------------------++-------
Melee: Spear             ||   110
       Tailslap          ||     9
Evoke: Wand              ||     1
  Use: Scroll            ||     3
       Potion            ||     2
 Stab: Sleeping          ||     1
Armor: Leather armour    ||    29
Dodge: Dodged            ||    73

Table legend: (Time is in decaauts)
 A = Elapsed time spent in this place.
 B = Non-inter-level travel time spent in this place.
 C = Inter-level travel time spent in this place.
 D = Time resting spent in this place.
 E = Time spent auto-exploring this place.
 F = Levels seen in this place.
 G = Mean time per level.
                   A        B        C        D        E       F      G
               +--------+--------+--------+--------+--------+-----+--------+
         Total |    599 |    599 |      0 |     26 |    351 |   2 |  299.5 |
       Dungeon |     56 |     56 |      0 |      0 |      0 |   1 |   56.0 |
         Sewer |    543 |    543 |      0 |     26 |    351 |   1 |  543.0 |
               +--------+--------+--------+--------+--------+-----+--------+

Top non-repeatable levels by time:
   Sewer: 543 daAuts
     D:5: 56 daAuts
